 Dungeon Crawl Stone Soup version 0.30.0-5-g1a98f26d00 (webtiles) character file.

Game seed: 7108260960430480161

460 SnakkuSnakku7 the Trooper (level 6, -4/87 HPs)
             Began as an Armataur Warper on May 9, 2023.
             Slain by Duvessa
             ... wielding a +0 short sword
              (8 damage)
             ... on level 4 of the Dungeon.
             The game lasted 00:04:02 (2487 turns).

SnakkuSnakku7 the Trooper (Armataur Warper)         Turns: 2487, Time: 00:04:02

Health: -4/87      AC: 23    Str: 18    XL:     6   Next: 78%
Magic:  8/8        EV:  1    Int: 14    God:
Gold:   217        SH:  0    Dex:  9    Spells: 8/8 levels left

rFire   . . .        a - +1 hand axe (flame)
rCold   . . .        (no shield)
rNeg    . . .        t - melded +2 leather armour {rPois}
rPois   +            (helmet currently unavailable)
rElec   .            (cloak currently unavailable)
rCorr   .            n - melded +0 pair of gloves
SInv    .            (no barding)
Will    .....        (no amulet)
Stlth   +            o - ring of wizardry
HPRegen 0.34/turn    (no ring)
MPRegen 0.11/turn

%: roll, wizardry (x1)
@: brilliant, tree-form
A: stationary, stasis, torment immunity, boosted hp, large, rugged brown scales
3, (deformed body), (armoured tail), roll, long tongue, awkward tongue
a: no special abilities


You were on level 4 of the Dungeon.
You were a tree.
You visited 1 branch of the dungeon, and saw 4 of its levels.

You collected 217 gold pieces.

Inventory:

Hand Weapons
 a - a +1 hand axe of flaming (weapon)
 b - a +0 dagger of venom
 r - a +0 hand axe
Missiles
 d - 7 boomerangs of dispersal (quivered)
 i - 13 poisoned darts
 q - 2 boomerangs
Armour
 h - a +0 leather armour
 n - a +0 pair of gloves (melded)
 t - a +2 leather armour of poison resistance (melded)
Jewellery
 o - a ring of wizardry (left branch)
 w - a ring of ice
Wands
 s - a wand of polymorph (10)
Scrolls
 c - a scroll of blinking
 f - a scroll of fog {unknown}
 j - a scroll of teleportation {unknown}
 l - 4 scrolls of identify {unknown}
 p - a scroll of noise {unknown}
 u - 2 scrolls of butterflies {unknown}
Potions
 g - 2 potions of attraction {unknown}
 k - a potion of haste {unknown}
 m - a potion of curing
 v - 3 potions of brilliance


   Skills:
 + Level 4.9 Fighting
 + Level 4.4 Axes
 - Level 0.8 Throwing
 - Level 1.2 Armour
 - Level 1.3 Dodging
 - Level 1.7 Spellcasting
 - Level 3.0 Translocations


You had 8 spell levels left.
You didn't know any spells.
Your spell library contained the following spells:

 Spells                   Type           Power      Damage    Failure   Level
 Blink                    Tloc           28%        N/A       4%          2
 Lesser Beckoning         Tloc           28%        N/A       4%          2
 Teleport Other           Tloc           14%        N/A       9%          3
 Beastly Appendage        Tmut           2%         N/A       10%         1
 Wereblood                Tmut           1%         N/A       16%         2
 Vhi's Electric Charge    Tloc/Air       16%        N/A       16%         3
 Manifold Assault         Tloc           14%        N/A       26%         4
 Spider Form              Tmut/Pois      1%         N/A       28%         3


Dungeon Overview and Level Annotations

Branches:
Dungeon (4/15)
 Temple: D:4-7

Altars:

Annotations:
D:4 Duvessa


Innate Abilities, Weirdness & Mutations

You are a tree.
Your roots penetrate the ground, keeping you stationary.
You cannot be teleported.
You are immune to unholy pain and torment.
Your maximum health is greatly increased.
Your equipment is partially melded.
(You are completely covered in rugged brown scales. (AC +3, +7% HP))
((Armour fits poorly on your strangely shaped body.))
((You have a long armoured tail.))
You roll when moving toward enemies. (Rampage)
Your long tongue fully drains potion bottles. (2x potion effects)
Your tongue gives you trouble enunciating. (1.5x scroll delay)


Message History

Duvessa hits you with a +0 short sword. Duvessa hits you but does no damage.
You hit Duvessa but do no damage.
Duvessa is almost dead.
Duvessa barely misses you.
You hit Duvessa but do no damage.
Duvessa is almost dead.
Duvessa hits you with a +0 short sword. Duvessa hits you but does no damage.
You completely miss Duvessa.
Duvessa is almost dead.
Duvessa hits you but does no damage.
You barely miss Duvessa.
Duvessa is almost dead.
Duvessa hits you but does no damage. Duvessa hits you with a +0 short sword!
* * * LOW HITPOINT WARNING * * *
You closely miss Duvessa.
Duvessa is almost dead.
Duvessa hits you but does no damage. Duvessa hits you with a +0 short sword.
* * * LOW HITPOINT WARNING * * *
You closely miss Duvessa.
Duvessa is almost dead.
Duvessa barely misses you.
You barely miss Duvessa.
Duvessa is almost dead.
Duvessa hits you with a +0 short sword.
* * * LOW HITPOINT WARNING * * *
Duvessa hits you but does no damage.
Unknown command.
Okay, then.
You hit Duvessa. You burn Duvessa.
Duvessa is almost dead.
Duvessa hits you with a +0 short sword.
* * * LOW HITPOINT WARNING * * *
Duvessa hits you but does no damage.
You barely miss Duvessa. You punch Duvessa, but do no damage.
Duvessa is almost dead.
Duvessa hits you but does no damage.
You closely miss Duvessa.
Duvessa is almost dead.
Duvessa hits you with a +0 short sword!
You die...

#.............#...............#(
#.............#..............##.
#.............#..............#e.
#.............#..............#.#
##.............#.÷..###..######.#
.#######.....###....###..#...#..#
.......#.....#...........#...#..#
.......#.....#)).........#...#...
.......#.....'..♣........#...#.##
.......#.....#..e........#.......
.......#.....#...........#.......
..###..#.....#'##...####'#.......
..###..####.....#...###.....#####
...#......#.....#.....#.....#
...#......#.....#.....#.....#
...#......#.....#.....#.....#
...#......#.....#.....#.....#


You could see Duvessa (berserk, fast).

Vanquished Creatures
  Sigmund (D:3)
  A scorpion (D:4)
  Dowan (D:4)
  2 hounds
  Ijyb (D:3)
  3 adders
  A worm (D:2)
  A dart slug (D:1)
  7 orcs
  7 endoplasms
  2 giant cockroaches
  7 goblins
  A hobgoblin (D:2)
  2 jackals (D:1)
  9 kobolds
  2 quokkas
  8 ball pythons
  5 bats
  A frilled lizard (D:2)
  6 rats
68 creatures vanquished.

Notes
Turn   | Place    | Note
-------+----------+-------------------------------------------
     0 | D:1      | SnakkuSnakku7 the Armataur Warper began the quest for the
                  | Orb.
     0 | D:1      | Reached XP level 1. HP: 18/18 MP: 3/3
   221 | D:1      | Reached XP level 2. HP: 25/25 MP: 4/4
   585 | D:1      | Found a faded altar of an unknown god.
   758 | D:2      | Reached XP level 3. HP: 32/32 MP: 5/5
  1392 | D:2      | Reached XP level 4. HP: 17/40 MP: 6/6
  1784 | D:3      | Noticed Ijyb
  1796 | D:3      | Killed Ijyb
  1873 | D:3      | Noticed Sigmund
  1896 | D:3      | Killed Sigmund
  1897 | D:3      | Reached XP level 5. HP: 28/50 MP: 7/7
  1897 | D:3      | Reached XP level 6. HP: 31/56 MP: 8/8
  2411 | D:4      | Noticed Duvessa
  2418 | D:4      | Noticed Dowan
  2472 | D:4      | Killed Dowan
  2485 | D:4      | HP: 4/87 [Duvessa/+0 short sword (4)]
  2487 | D:4      | Slain by Duvessa

Illustrated notes

Levels and vault maps discovered:
D:1:      giann_forest_graveyard, layout_loops_ring,
          dreamdust_ecumenical_altar_angels_and_demons
D:2:      layout_basic, grunt_decor_junction
D:3:      layout_basic, minivault_14, uniq_ijyb, uniq_sigmund
D:4:      minmay_evil_eye, layout_gridville, nicolae_shop_vocational,
          uniq_duvessa

Skill      XL: |  1  2  3  4 |
---------------+-------------+-----
Fighting       | 2 3 4 |  4.9
Axes           | 2 4 |  4.4
Throwing       | |  0.8
Armour         | |  1.2
Dodging        | |  1.3
Spellcasting   | |  1.7
Translocations | |  3.0

Action                     |  1- 3 |  4- 6 || total
---------------------------+-------+-------++-------
  Melee: Hand axe          |   106 |   130 ||   236
         Tailslap          |     7 |    10 ||    17
         Punch             |     1 |     3 ||     4
         Unarmed           |       |     7 ||     7
    Use: Potion            |       |     4 ||     4
         Scroll            |       |     1 ||     1
   Stab: Confused          |       |     1 ||     1
 Armour: Leather armour    |    41 |    45 ||    86
         Skin              |       |    22 ||    22
  Dodge: Dodged            |    53 |    60 ||   113
